 Dungeon Crawl Stone Soup version 0.23-a0-54-gae6112e (webtiles) character file.

118116 GroovyGamera the Brawler (level 15, -1/143 HPs)
             Began as a Troll Monk on Aug 8, 2018.
             Was the Champion of Yredelemnul.
             Slain by a tentacled starspawn (5 damage)
             ... on level 1 of the Abyss.
             The game lasted 01:22:36 (22244 turns).

GroovyGamera the Brawler (Troll Monk)              Turns: 22244, Time: 01:22:37

Health: -1/143     AC: 15    Str: 23      XL:     15   Next: 93%
Magic:  0/17       EV:  7    Int:  5 (7)  God:    Yredelemnul [******]
Gold:   2599       SH: 12    Dex: 15 (16) Spells: 14/14 levels left

rFire    . . .     SeeInvis .     - Unarmed
rCold    . . .     Gourm    +   P - +2 shield
rNeg     . . .     Faith    .   X - +0 swamp dragon scales
rPois    +         Spirit   +   U - +2 hat
rElec    .         Reflect  .   Z - scarf {repulsion}
rCorr    .         Harm     .   (gloves unavailable)
MR       +....                  (boots unavailable)
Stlth    +.........             o - amulet of guardian spirit
HPRegen  0.73/turn              E - +5 ring of slaying
MPRegen  0.15/turn              y - +3 ring of protection

@: constricted, repel missiles, very slow
A: large, unfitting armour, claws 3, [deterioration 2], fast metabolism 3, frail
1, gourmand, [low mp 2], regeneration 1, [screaming 1], shaggy fur 1, tough skin
2, no potion heal 1
}: 1/15 runes: decaying
a: Recall Undead Slaves, Injury Mirror, Animate Dead, Drain Life, Enslave Soul,
Renounce Religion


You were on level 1 of the Abyss.
You worshipped Yredelemnul.
Yredelemnul was exalted by your worship.
You were not hungry.

You visited 6 branches of the dungeon, and saw 27 of its levels.
You visited the Abyss 1 time.

You collected 2599 gold pieces.

Inventory:

Hand Weapons
 F - a +5 demon trident of venom
 K - the +6 trident of the Spinneret {freeze, Dex+4}
   (You took it off a spriggan rider on level 3 of the Lair of Beasts)

   It has been specially enchanted to freeze those struck by it, causing extra
   injury to most foes and up to half again as much damage against particularly
   susceptible opponents.
   It can also slow down cold-blooded creatures.
   It affects your dexterity (+4).
Missiles
 m - 7 javelins (quivered)
 t - 404 bolts
Armour
 e - a +0 troll leather armour
 J - the +1 robe of Remnougo {MR+ Stlth+}
   (You found it on level 12 of the Dungeon)

   It affects your resistance to hostile enchantments.
   It makes you more stealthy.
 P - a +2 shield (worn)
 Q - a +0 large shield
 U - a +2 hat (worn)
 X - +0 swamp dragon scales (worn)
 Z - a scarf of repulsion (worn)
Jewellery
 d - an uncursed ring of protection from magic {unknown}
 n - an uncursed ring of poison resistance
 o - an amulet of guardian spirit (around neck)
 y - a +3 ring of protection (right claw)
 D - an uncursed ring of protection from fire
 E - a +5 ring of slaying (left claw)
 L - an uncursed ring of ice
Wands
 i - a wand of digging (23)
Scrolls
 c - 5 scrolls of fog
 f - 4 scrolls of enchant armour
 g - a scroll of holy word {unknown}
 k - 11 scrolls of teleportation
 u - a scroll of identify
 x - 2 scrolls of fear
 G - 16 scrolls of remove curse
 H - 4 scrolls of magic mapping
 R - a scroll of brand weapon {unknown}
 S - a scroll of summoning {unknown}
 V - 2 scrolls of enchant weapon
Potions
 a - 2 potions of resistance
 h - 9 potions of flight
 j - 7 potions of might
 l - 13 potions of curing
 r - 4 potions of heal wounds
 z - 3 potions of ambrosia
 A - a potion of berserk rage
 C - a potion of mutation
 I - 2 potions of cancellation
 N - 3 potions of agility
 O - 3 potions of haste
 T - 3 potions of lignification
Comestibles
 b - 36 rations


   Skills:
 + Level 13.1 Fighting
 - Level 4.7 Dodging
 - Level 1.0 Stealth
 * Level 4.9 Shields
 * Level 19.5 Unarmed Combat
 - Level 10.0 Invocations


You had 14 spell levels left.
You didn't know any spells.
Your spell library contained the following spells:

 Spells                   Type           Power        Failure   Level  Hunger
 Magic Dart               Conj           #...         90%         1    ##.....
 Fireball                 Conj/Fire      #.........   100%        5    ######.
 Conjure Flame            Conj/Fire      #.......     99%         3    ####...
 Slow                     Hex            #.......     97%         2    ###....
 Confuse                  Hex            #.......     99%         3    ####...
 Throw Flame              Conj/Fire      #.....       97%         2    ###....
 Mephitic Cloud           Conj/Pois/Air  #.......     99%         3    ####...
 Blink                    Tloc           N/A          97%         2    ###....
 Sticky Flame             Conj/Fire      #.......     100%        4    #####..
 Call Imp                 Summ           #.......     97%         2    ###....
 Throw Icicle             Conj/Ice       #.......     100%        4    #####..
 Flame Tongue             Conj/Fire      #....        90%         1    ##.....
 Corona                   Hex            #......      90%         1    ##.....
 Inner Flame              Hex/Fire       #.......     99%         3    ####...
 Fulminant Prism          Conj/Hex       #.........   100%        4    #####..


Dungeon Overview and Level Annotations

Branches:
Dungeon (13/15)            Temple (1/1) D:4            Lair (6/6) D:9
  Swamp (4/4) Lair:2        Snake (1/4) Lair:2        Slime (0/5) Lair:5
    Orc (2/2) D:12            Elf (0/3) Orc:2
 Vaults: D:13-14

Altars:
Ashenzari
Cheibriados
Dithmenos
Elyvilon
Fedhas
Gozag
Hepliaklqana
Kikubaaqudgha
Makhleb
Nemelex Xobeh
Okawaru
Qazlal
Ru
Sif Muna
Trog
Uskayaw
Vehumet
Wu Jian
Xom
Yredelemnul
Zin
The Shining One
Beogh
Jiyva

Shops:
D:8 (


Innate Abilities, Weirdness & Mutations

You are too large for most types of armour.
You have claws for hands.
Your metabolism is lightning-fast.
You like to eat raw meat.
Your natural rate of healing is unusually fast.
You are covered in fur. (AC +1)
You have very tough skin. (AC +2)
You are frail. (-10% HP)
Potions are less effective at restoring your health.
[Your body often deteriorates upon taking damage.]
[Your magical capacity is very low. (-20% MP)]
[You occasionally shout uncontrollably at your foes.]


Message History

The cacodemon is almost dead.
You block the tentacled starspawn's attack. x2
The white imp hits you but does no damage.
The cacodemon gestures at you.
Strange energies course through your body.
You feel frail.
* * * LOW HITPOINT WARNING * * *
The starspawn tentacle constricts you.
You scratch the cacodemon.
You kill the cacodemon!
Yredelemnul accepts your kill.
You feel the corruption within you wane somewhat.
Your urge to yell lessens.
Your body's shape seems more normal.
The white imp gestures at you.
The puff of frost is repelled.
The tentacled starspawn bites you!!
* * * LOW HITPOINT WARNING * * *
Your body deteriorates!
You feel dopey. The tentacled starspawn engulfs you.
You die...
Your body rises from the dead as a mindless zombie.

# . .. §#
##..#..# #..§#.
.#.#..# #
##..##......# #
#. ..##..#...# #
###.#≈#.##... ##
X##≈≈≈≈..##..
#§##.≈≈≈≈Λ.#.#..#
#..≈≈≈X5w≈≈≈..#
#.#.≈w@♣≈≈≈≈≈
##..#.#≈≈≈≈≈≈≈
...# #. ##≈≈≈≈≈
.. #. ..#≈≈ ....
## #... ... ##.
.#.


You could see a tentacled starspawn, 2 starspawn tentacles and a white imp.

Vanquished Creatures
  A tentacled starspawn (Abyss:1)
  2 thorn hunters
  Gastronok (Lair:2)
  A cacodemon (Abyss:1)
  An angel (Abyss:1)
  Snorg (Orc:1)
  An ettin (Orc:2)
  Josephine (Lair:5)
  A naga warrior (Snake:1)
  Fannar (D:10)
  2 ghost crabs (Swamp:3)
  A catoblepas (Lair:2)
  5 hydras
  A death knight (Abyss:1)
  A centaur warrior (D:13)
  6 alligators
  A two-headed ogre (D:8)
  5 death yaks (Lair:4)
  Urug (Lair:2)
  A thrashing horror (Abyss:1)
  A sixfirhy (Abyss:1)
  3 skeletal warriors (D:13)
  2 spriggan druids
  A naga ritualist (Snake:1)
  6 swamp dragons
  4 shambling mangroves
  Pikel (D:7)
  An ugly thing (D:12)
  An orc sorcerer (Orc:1)
  A manticore (D:13)
  2 salamanders (Snake:1)
  8 black mambas
  2 elephants (Lair:6)
  2 naga magi (Snake:1)
  A guardian serpent (Snake:1)
  8 spiny frogs
  2 torpor snails (Lair:6)
  2 rime drakes
  9 komodo dragons
  A queen bee (D:8)
  12 hornets
  8 tyrant leeches
  4 blink frogs
  3 trolls
  7 hippogriffs
  2 slime creatures
  3 bog bodies
  11 spriggans (Lair:1)
  A flying skull (Abyss:1)
  4 wraiths
  29 yaks
  2 wyverns
  2 basilisks
  5 insubstantial wisps (Swamp:2)
  A steam dragon (D:9)
  3 vampire mosquitoes
  6 nagas (Snake:1)
  10 swamp worms
  A soldier ant (D:12)
  A large abomination (Abyss:1)
  6 water moccasins
  5 porcupines
  5 orc warriors
  Duvessa (D:6)
  8 swamp drakes
  A sky beast (D:8)
  5 phantoms
  A slave (D:7)
  2 wolves (Lair:6)
  2 ogres
  5 boggarts
  4 centaurs
  2 ice beasts
  8 crocodiles
  3 big kobolds
  7 bullfrogs
  Dowan (D:6)
  5 scorpions
  58 killer bees
  2 wights (D:13)
  3 howler monkeys
  3 electric eels (Lair:3)
  A crimson imp (D:12)
  A bullfrog zombie (D:7)
  A quasit (Abyss:1)
  2 centaur skeletons
  11 orc priests
  2 hounds
  A jelly (D:13)
  Crazy Yiuf (D:2)
  A gnoll shaman (D:8)
  Natasha (thrice) (D:2)
  Terence (D:2)
  2 iguanas
  10 orc wizards
  13 worker ants
  4 ogre zombies (D:12)
  2 hound zombies
  11 adders
  14 gnolls
  3 shadow imps
  10 oozes
  4 worms
  3 leopard geckos
  28 orcs
  A ball python (D:4)
  5 bats
  14 giant cockroaches
  3 goblins
  5 hobgoblins
  21 jackals
  9 kobolds
  6 quokkas
  2 frilled lizards (D:1)
  A goblin zombie (D:12)
  2 hobgoblin zombies (D:12)
  An orc skeleton (D:12)
  12 orc zombies (D:12)
  A quokka skeleton (D:4)
  A quokka zombie (D:9)
  6 rats
  4 briar patches
  A starspawn tentacle (Abyss:1)
569 creatures vanquished.

Vanquished Creatures (collateral kills)
  A tentacled monstrosity (Swamp:4)
  Louise (Swamp:2)
  A fire dragon (Lair:6)
  18 hydras
  An ice dragon (Lair:6)
  The ghost of jusw85 the Eclecticist, a journeyman DECj of Vehumet (Lair:3)
  3 two-headed ogres
  2 death yaks (Lair:4)
  3 alligators
  3 naga sharpshooters (Snake:1)
  A shock serpent (Snake:1)
  2 skeletal warriors (D:13)
  A lindwurm (Lair:6)
  2 shambling mangroves (Swamp:4)
  4 swamp dragons
  A wolf spider zombie (D:13)
  A mana viper (Snake:1)
  A manticore (D:13)
  An oklob plant (Lair:3)
  A centaur zombie (D:13)
  An elephant (Lair:6)
  4 black mambas
  Joseph (D:8)
  4 molten gargoyles (D:9)
  A naga mage (Snake:1)
  7 spiny frogs
  3 torpor snails (Lair:6)
  4 rime drakes
  5 komodo dragons
  3 trolls
  A polar bear (Lair:4)
  12 hornets
  5 slime creatures
  6 tyrant leeches
  10 blink frogs
  3 hippogriffs
  3 bog bodies
  6 spriggans
  4 wraiths
  A basilisk (D:9)
  A wyvern (D:11)
  21 yaks
  8 vampire mosquitoes
  2 nagas (Snake:1)
  3 water moccasins
  6 swamp worms
  5 insubstantial wisps (Swamp:2)
  An acid dragon (Lair:6)
  11 swamp drakes
  3 orc warriors
  A phantom (D:12)
  A black bear (Lair:3)
  An ogre (Orc:2)
  A wolf (Lair:6)
  4 crocodiles
  A bullfrog (Lair:1)
  A big kobold (D:5)
  26 killer bees
  A wight (D:13)
  An electric eel (Lair:2)
  A lava snake (D:9)
  A crimson imp (D:13)
  3 orc priests
  9 orc wizards
  A jelly (D:13)
  3 iguanas
  2 ogre zombies (D:12)
  A gnoll (D:8)
  An adder (D:7)
  13 orcs
  4 jackals
  A kobold (D:5)
  A goblin zombie (D:12)
  An orc skeleton (D:12)
  An orc zombie (D:12)
  A quokka zombie (D:7)
  3 briar patches
  6 bushes (Lair:6)
  A butterfly (Lair:5)
  14 fungi
  24 plants
324 creatures vanquished.

Vanquished Creatures (others)
  A bone dragon (Swamp:4)
  2 ghouls (Swamp:1)
  2 vampire knights
  2 skeletal warriors
  A flayed ghost (Swamp:3)
  An ugly thing zombie (D:12)
  4 phantasmal warriors
  A death yak zombie (Lair:4)
  A swamp worm zombie (Swamp:3)
  7 hydra zombies
  An ice dragon zombie (Lair:6)
  A guardian serpent zombie (Snake:1)
  A black mamba zombie (Snake:1)
  5 wraiths
  2 vampires
  18 flying skulls
  A spiny frog zombie (Lair:6)
  A manticore zombie (D:13)
  5 hornet zombies
  5 swamp dragon zombies
  A ghost crab zombie (Swamp:3)
  3 blink frog zombies (Swamp:2)
  2 rime drake zombies (Swamp:4)
  2 vampire mosquito zombies (Swamp:4)
  4 yak zombies
  A wight (D:13)
  A polar bear zombie (Lair:4)
  A queen bee zombie (D:8)
  A spriggan zombie (Swamp:4)
  A bullfrog zombie (Lair:2)
  2 bog body skeletons
  4 killer bee zombies (D:8)
  A big kobold zombie (D:5)
  3 naga zombies (Snake:1)
  A hound zombie (D:5)
  A mummy (D:8)
  2 worker ant zombies
  A howler monkey zombie (D:5)
  A scorpion zombie (D:12)
  5 swamp drake zombies
  An orc (D:10)
  A gnoll zombie (D:6)
  3 jackal zombies
  2 leopard gecko zombies
  6 orc zombies
  2 briar patches (Swamp:1)
  7 bushes (Lair:6)
  4 fungi
  14 plants (Lair:6)
  9 starspawn tentacles (Abyss:1)
  7 toadstools (D:5)
156 creatures vanquished.

Grand Total: 1049 creatures vanquished

Notes
Turn   | Place    | Note
-------+----------+-------------------------------------------
     0 | D:1      | GroovyGamera the Troll Monk began the quest for the Orb.
     0 | D:1      | Reached XP level 1. HP: 22/22 MP: 0/0
   233 | D:1      | Reached XP level 2. HP: 29/29 MP: 1/1
   751 | D:2      | Reached XP level 3. HP: 35/37 MP: 2/2
   772 | D:2      | Noticed Natasha
   780 | D:2      | Killed Natasha
   780 | D:2      | Reached skill level 4 in Unarmed Combat
   889 | D:2      | Noticed Terence
   901 | D:2      | Killed Terence
   901 | D:2      | Reached XP level 4. HP: 26/45 MP: 3/3
   975 | D:2      | Found a runed door.
   979 | D:2      | Noticed Crazy Yiuf
   984 | D:2      | Killed Crazy Yiuf
  1043 | D:2      | Noticed Natasha
  1051 | D:2      | Killed Natasha
  1051 | D:2      | Reached XP level 5. HP: 24/54 MP: 4/4
  1114 | D:2      | Noticed Natasha
  1128 | D:2      | Killed Natasha
  1889 | D:4      | Reached skill level 5 in Unarmed Combat
  1943 | D:4      | Found a staircase to the Ecumenical Temple.
  1952 | Temple   | Entered the Ecumenical Temple
  2046 | Temple   | Became a worshipper of Yredelemnul the Dark
  2046 | Temple   | Reached * piety under Yredelemnul
  2046 | Temple   | Reached ** piety under Yredelemnul
  2064 | D:4      | Reached XP level 6. HP: 27/62 MP: 1/5
  2180 | D:4      | Reached skill level 1 in Invocations
  2236 | D:4      | Found a snail-covered altar of Cheibriados.
  2471 | D:5      | Entered Level 5 of the Dungeon
  2772 | D:5      | Reached XP level 7. HP: 71/71 MP: 7/7
  2927 | D:5      | Noticed a slime creature
  2929 | D:5      | Reached *** piety under Yredelemnul
  2949 | D:5      | Killed a slime creature
  2949 | D:5      | Reached skill level 5 in Fighting
  2949 | D:5      | Reached skill level 6 in Unarmed Combat
  3305 | D:6      | Noticed Duvessa
  3316 | D:6      | Noticed Dowan
  3317 | D:6      | Killed Duvessa
  3317 | D:6      | Reached XP level 8. HP: 76/80 MP: 8/10
  3326 | D:6      | Killed Dowan
  3470 | D:6      | Reached skill level 5 in Invocations
  3826 | D:6      | Reached skill level 7 in Unarmed Combat
  4099 | D:7      | Reached XP level 9. HP: 72/89 MP: 10/12
  4404 | D:7      | Noticed Pikel
  4425 | D:7      | Killed Pikel
  4460 | D:7      | Reached skill level 8 in Unarmed Combat
  4963 | D:8      | Noticed a queen bee
  4965 | D:8      | Reached **** piety under Yredelemnul
  4970 | D:8      | Killed a queen bee
  5013 | D:8      | Reached skill level 9 in Unarmed Combat
  5062 | D:8      | Noticed a two-headed ogre
  5082 | D:8      | Killed a two-headed ogre
  5082 | D:8      | Reached XP level 10. HP: 86/100 MP: 11/15
  5082 | D:8      | Received a gift from Yredelemnul (a mummy)
  5327 | D:8      | Found Daashy's Antique Weapon Shop.
  5401 | D:8      | Received a gift from Yredelemnul (5 flying skulls)
  5413 | D:8      | Noticed Joseph
  5434 | D:8      | Killed Joseph
  5903 | D:9      | Reached skill level 10 in Unarmed Combat
  6014 | D:9      | Found a staircase to the Lair.
  6172 | D:9      | Noticed a two-headed ogre
  6176 | D:9      | Killed a two-headed ogre
  6192 | D:9      | Noticed a molten gargoyle
  6192 | D:9      | Noticed a molten gargoyle
  6209 | D:9      | Noticed a molten gargoyle
  6214 | D:9      | Killed a molten gargoyle
  6215 | D:9      | Noticed a molten gargoyle
  6220 | D:9      | Killed a molten gargoyle
  6229 | D:9      | Killed a molten gargoyle
  6242 | D:9      | Killed a molten gargoyle
  6242 | D:9      | Reached ***** piety under Yredelemnul
  6242 | D:9      | Reached XP level 11. HP: 68/109 MP: 10/17
  6243 | D:9      | Received a gift from Yredelemnul (5 flying skulls)
  6443 | D:10     | Entered Level 10 of the Dungeon
  6601 | D:10     | Noticed Fannar
  6609 | D:10     | Killed Fannar
  6779 | D:10     | Received a gift from Yredelemnul (5 flying skulls)
  7077 | D:11     | Reached skill level 11 in Unarmed Combat
  7088 | D:11     | Reached skill level 10 in Invocations
  7328 | D:11     | Received a gift from Yredelemnul (a wight)
  7527 | D:11     | Received a gift from Yredelemnul (a wraith)
  7869 | D:12     | Noticed a red ugly thing
  7890 | D:12     | Killed a red ugly thing
  7987 | D:12     | Noticed a four-headed hydra
  8071 | D:12     | Killed a four-headed hydra
  8188 | D:12     | Noticed a two-headed ogre
  8199 | D:12     | Killed a two-headed ogre
  8199 | D:12     | Reached skill level 12 in Unarmed Combat
  8361 | D:12     | Got a slimy robe
  8385 | D:12     | Found a staircase to the Orcish Mines.
  8408 | D:12     | Received a gift from Yredelemnul (a wraith)
  8740 | D:12     | Identified the +1 robe of Remnougo {MR+ Stlth+} (You found it on level 12 of the Dungeon)
  8943 | D:13     | Found a glowing golden altar of the Shining One.
  9067 | D:13     | Noticed a skeletal warrior
  9068 | D:13     | Noticed a skeletal warrior
  9069 | D:13     | Noticed a skeletal warrior
  9069 | D:13     | Noticed a skeletal warrior
  9080 | D:13     | Killed a skeletal warrior
  9085 | D:13     | Killed a skeletal warrior
  9137 | D:13     | Noticed a skeletal warrior
  9144 | D:13     | Killed a skeletal warrior
  9150 | D:13     | Killed a skeletal warrior
  9150 | D:13     | Reached XP level 12. HP: 113/123 MP: 15/18
  9151 | D:13     | Reached skill level 13 in Unarmed Combat
  9265 | D:13     | Noticed a two-headed ogre
  9271 | D:13     | Killed a two-headed ogre
  9328 | D:13     | Received a gift from Yredelemnul (a phantasmal warrior)
  9639 | D:13     | Noticed a centaur warrior
  9652 | D:13     | Killed a centaur warrior
  9908 | Lair:1   | Entered Level 1 of the Lair of Beasts
 10051 | Lair:1   | Received a gift from Yredelemnul (a wraith)
 10280 | Lair:1   | Reached skill level 14 in Unarmed Combat
 10289 | Lair:1   | Received a gift from Yredelemnul (a vampire)
 10401 | Lair:1   | Reached ****** piety under Yredelemnul
 10959 | Lair:1   | Reached skill level 10 in Fighting
 10963 | Lair:1   | Received a gift from Yredelemnul (3 flying skulls)
 10995 | Lair:1   | Identified the Grimoire of Ice and Curses
 11046 | Lair:2   | Noticed a catoblepas
 11061 | Lair:2   | Killed a catoblepas
 11127 | Lair:2   | Found a staircase to the Snake Pit.
 11133 | Lair:2   | Noticed an eight-headed hydra
 11145 | Lair:2   | Killed a nine-headed hydra
 11170 | Lair:2   | Received a gift from Yredelemnul (a skeletal warrior)
 11181 | Lair:2   | Noticed a six-headed hydra
 11189 | Lair:2   | Killed a six-headed hydra
 11211 | Lair:2   | Noticed Urug
 11221 | Lair:2   | Killed Urug
 11221 | Lair:2   | Reached skill level 15 in Unarmed Combat
 11221 | Lair:2   | Reached XP level 13. HP: 93/133 MP: 13/19
 11262 | Lair:2   | Found a staircase to the Swamp.
 11549 | Lair:2   | Noticed Gastronok
 11558 | Lair:2   | Killed Gastronok
 12013 | Lair:3   | Received a gift from Yredelemnul (a vampire)
 12358 | Lair:3   | Found a runed door.
 12364 | Lair:3   | Noticed jusw85's ghost (journeyman DECj)
 12374 | Lair:3   | Killed jusw85's ghost
 12387 | Lair:3   | Got a fine trident {freeze}
 12730 | Lair:4   | Received a gift from Yredelemnul (a wraith)
 12988 | Lair:4   | Reached skill level 16 in Unarmed Combat
 13038 | Lair:4   | Received a gift from Yredelemnul (a vampire knight)
 13074 | Lair:4   | Received a gift from Yredelemnul (a wraith)
 14023 | Lair:5   | Found a viscous altar of Jiyva.
 14024 | Lair:5   | Found a staircase to the Slime Pits.
 14049 | Lair:5   | Noticed Josephine
 14057 | Lair:5   | Killed Josephine
 14487 | Lair:6   | Entered Level 6 of the Lair of Beasts
 14495 | Lair:6   | Received a gift from Yredelemnul (a phantasmal warrior)
 14705 | Lair:6   | Reached XP level 14. HP: 141/146 MP: 20/20
 14749 | Lair:6   | Reached skill level 17 in Unarmed Combat
 14755 | Lair:6   | Received a gift from Yredelemnul (a phantasmal warrior)
 15294 | Lair:6   | Found a runed door.
 15913 | Snake:1  | Entered Level 1 of the Snake Pit
 15922 | Snake:1  | Received a gift from Yredelemnul (a ghoul)
 16223 | Snake:1  | HP: 7/149 [naga sharpshooter/bolt (8)]
 16473 | Snake:1  | Reached skill level 18 in Unarmed Combat
 16505 | Snake:1  | Received a gift from Yredelemnul (a ghoul)
 17090 | Swamp:1  | Entered Level 1 of the Swamp
 17179 | Swamp:1  | Noticed a thorn hunter
 17209 | Swamp:1  | HP: 7/149 [thorn hunter (3)]
 17445 | Swamp:1  | Killed a thorn hunter
 17635 | Swamp:1  | Identified the +6 trident of the Spinneret {freeze, Dex+4} (You took it off a spriggan rider on level 3 of the Lair of Beasts)
 18198 | Swamp:2  | Received a gift from Yredelemnul (a vampire knight)
 18448 | Swamp:2  | Received a gift from Yredelemnul (a flayed ghost)
 18501 | Swamp:2  | Noticed Louise
 18516 | Swamp:2  | Killed Louise
 18516 | Swamp:2  | Reached XP level 15. HP: 91/158 MP: 12/21
 19628 | Swamp:3  | Received a gift from Yredelemnul (a bone dragon)
 19712 | Swamp:3  | Received a gift from Yredelemnul (a skeletal warrior)
 20070 | Swamp:4  | Entered Level 4 of the Swamp
 20074 | Swamp:4  | Noticed a tentacled monstrosity
 20077 | Swamp:4  | Reached skill level 1 in Shields
 20085 | Swamp:4  | Killed a tentacled monstrosity
 20119 | Swamp:4  | Reached skill level 19 in Unarmed Combat
 20156 | Swamp:4  | Received a gift from Yredelemnul (a phantasmal warrior)
 20719 | Swamp:4  | Received a gift from Yredelemnul (a bone dragon)
 20849 | Swamp:4  | Got a decaying rune of Zot
 21070 | Swamp:4  | Noticed a thorn hunter
 21086 | Swamp:4  | Killed a thorn hunter
 21558 | Orc:1    | Entered Level 1 of the Orcish Mines
 21558 | Orc:1    | Noticed Snorg
 21562 | Orc:1    | Received a gift from Yredelemnul (a flayed ghost)
 21569 | Orc:1    | Killed Snorg
 21692 | Orc:1    | Paralysed by an orc sorcerer for 7 turns
 21891 | Orc:2    | Entered Level 2 of the Orcish Mines
 21906 | Orc:2    | Found a staircase to the Elven Halls.
 21966 | Orc:2    | Found a roughly hewn altar of Beogh.
 22057 | Orc:2    | Cast into level 1 of the Abyss (orc warrior)
 22086 | Abyss:1  | Noticed a tentacled starspawn
 22091 | Abyss:1  | Killed a tentacled starspawn
 22186 | Abyss:1  | Noticed a tentacled starspawn
 22188 | Abyss:1  | Gained mutation: Potions are less effective at restoring your health. [a neqoxec]
 22204 | Abyss:1  | Found a corrupted altar of Lugonu.
 22223 | Abyss:1  | Noticed a tentacled starspawn
 22243 | Abyss:1  | Gained mutation: You are frail. (-10% HP) [a cacodemon]
 22244 | Abyss:1  | HP: 4/143 [tentacled starspawn (31)]
 22244 | Abyss:1  | Slain by a tentacled starspawn

Vault maps used:
D:1:      lemuel_arrival_river_bridge, serial_forest,
          infiniplex_forest_straight_2, infiniplex_forest_lined_2,
          infiniplex_forest_clump_medium, infiniplex_forest_lined_room_3,
          infiniplex_forest_clump_medium
D:2:      uniq_crazy_yiuf_cottage, uniq_natasha, uniq_terence
D:3:      minmay_roachtagon
D:4:      cheibriados_altar_1, minmay_temple_entry_crystal_x,
          serial_bayou_pond_e
D:5:      cheibrodos_fertilizer, first_ration
D:6:      st_stairs_6, uniq_duvessa
D:7:      uniq_pikel
D:8:      serial_shops, shop, david_nohive_1, uniq_joseph
D:9:      erik_lair_dragon, minivault_8
D:10:     uniq_fannar
D:11:     serial_glass, glass_columns_b, glass_columns_a, glass_columns_a,
          glass_columns_c, glass_columns_c, glass_columns_a, glass_columns_b,
          glass_columns_b, minivault_27
D:12:     zombieorc1_lemuel, roderic_lattice_a
D:13:     basic_altar
Temple:   grunt_wide_crystal_templ
Lair:1:   wad_woods_minihive
Lair:2:   nicolae_swamp_entry_splash_gauntlet, dummy_snake_entry,
          grunt_forest_small_clearings, serial_bayou_shore_a,
          grunt_megastairs_5, serial_bayou_shore_b, infiniplex_staircase_pool,
          uniq_urug, uniq_gastronok
Lair:3:   ebering_ghost_funeral_grove, serial_bayou_lake_a
Lair:4:   beast_lair_carwin_8
Lair:5:   onia_ninara_swampy_vault, slime_altar_1, lemuel_fruit_fields,
          uniq_josephine
Lair:6:   guppyfry_lair_end_dragon, wormcave, minmay_hedge_maze,
          serial_bayou_pond_d, kilobyte_rumbling_trees
Swamp:1:  wheals_swamp_sinkhole
Swamp:2:  hangedman_swamp_lotus, uniq_louise
Swamp:3:  serial_swamp_ruin, evilmike_swamp_ruin_house_3,
          evilmike_swamp_ruin_rubble_2, evilmike_swamp_ruin_house_4
Swamp:4:  swamp_alternative
Orc:1:    uniq_snorg
Orc:2:    grunt_orc_community_town_hall, grunt_orc_community_big_house_1,
          grunt_orc_community_big_house_1, grunt_orc_community_house_3,
          grunt_orc_community_house_3, grunt_orc_community_house_1,
          grunt_orc_community_house_2, grunt_orc_community_house_2,
          grunt_orc_community_house_1

Skill      XL: |  1  2  3  4  5  6  7  8  9 10 11 12 13 14 15 |
---------------+----------------------------------------------+-----
Fighting       | 3 4 5 6 7 9 10 11 12 13 | 13.1
Unarmed Combat | 4 5 6 7 9 10 12 15 16 18 19 | 19.5
Invocations    | 2 4 6 8 9 10 | 10.0
Dodging        | 4 |  4.7
Shields        | 4 |  4.9
Stealth        | |  1.0

Action                   |  1- 3 |  4- 6 |  7- 9 | 10-12 | 13-15 || total
-------------------------+-------+-------+-------+-------+-------++-------
Melee: Unarmed           |    67 |   159 |   276 |   503 |   675 ||  1680
       Punch             |       |     1 |     7 |    35 |    42 ||    85
       Demon trident     |       |       |       |       |     8 ||     8
Throw: Javelin           |       |       |     2 |       |       ||     2
Invok: Animate Remains   |       |     5 |     2 |       |       ||     7
       Recall Undead Sla |       |     2 |     1 |     5 |    16 ||    24
       Animate Dead      |       |       |    15 |    20 |    54 ||    89
       Injury Mirror     |       |       |     1 |       |       ||     1
       Drain Life        |       |       |       |     1 |       ||     1
Evoke: Wand              |       |       |       |     6 |       ||     6
  Use: Scroll            |       |     4 |    15 |     6 |    21 ||    46
       Potion            |       |       |       |       |     4 ||     4
 Stab: Sleeping          |     1 |     4 |    10 |     9 |     5 ||    29
       Distracted        |       |       |     2 |     7 |    10 ||    19
       Paralysed         |       |       |       |       |     2 ||     2
  Eat: Chunk             |    14 |    17 |    13 |    70 |    61 ||   175
       Ration            |       |       |     2 |       |    16 ||    18
Armor: Robe              |    16 |    62 |    80 |   111 |    80 ||   349
       Animal skin       |       |       |     3 |       |       ||     3
       Troll leather arm |       |       |       |    79 |       ||    79
       Swamp dragon scal |       |       |       |       |   256 ||   256
Dodge: Dodged            |    33 |   105 |   126 |   259 |   309 ||   832
       Deflected         |       |       |       |       |     2 ||     2
Block: Shield            |       |       |       |       |   193 ||   193

Table legend:
 A = Spawn XP
 B = Non-spawn XP
 C = Spawn XP percentage of total XP
 D = Spawn monster count
 E = Non-spawn monster count
 F = Spawn count percentage of total count
 G = Total turns spent on level
                    A         B        C        D         E        F      G
               +---------+---------+-------+---------+---------+-------+---------
         Total |    1954 |  148212 |   1.3 |       4 |     835 |   0.5 | 22244
               +---------+---------+-------+---------+---------+-------+---------
           D:1 |       0 |      30 |   0.0 |       0 |      18 |   0.0 |   663
           D:2 |       0 |     213 |   0.0 |       0 |      14 |   0.0 |   522
           D:3 |       0 |      27 |   0.0 |       0 |      15 |   0.0 |   651
           D:4 |       0 |     360 |   0.0 |       0 |      32 |   0.0 |   531
           D:5 |       0 |     713 |   0.0 |       0 |      23 |   0.0 |   796
           D:6 |       0 |    1080 |   0.0 |       0 |      27 |   0.0 |   737
           D:7 |       0 |    1384 |   0.0 |       0 |      21 |   0.0 |   850
           D:8 |       0 |    3152 |   0.0 |       0 |      51 |   0.0 |   792
           D:9 |       0 |    4184 |   0.0 |       0 |      30 |   0.0 |   900
          D:10 |       0 |    1524 |   0.0 |       0 |      14 |   0.0 |   693
          D:11 |       0 |    2026 |   0.0 |       0 |      40 |   0.0 |   773
          D:12 |       0 |    3750 |   0.0 |       0 |      53 |   0.0 |  1047
          D:13 |       0 |    8195 |   0.0 |       0 |      28 |   0.0 |   970
        Temple |       0 |       3 |   0.0 |       0 |       1 |   0.0 |   104
        Lair:1 |       0 |    7942 |   0.0 |       0 |      79 |   0.0 |  1172
        Lair:2 |       0 |    7324 |   0.0 |       0 |      18 |   0.0 |  1254
        Lair:3 |       0 |    2072 |   0.0 |       0 |      16 |   0.0 |   803
        Lair:4 |       0 |    9800 |   0.0 |       0 |      32 |   0.0 |   766
        Lair:5 |       0 |    6630 |   0.0 |       0 |      24 |   0.0 |  1036
        Lair:6 |       0 |   16515 |   0.0 |       0 |      76 |   0.0 |  1340
       Swamp:1 |       0 |    7093 |   0.0 |       0 |      19 |   0.0 |   872
       Swamp:2 |       0 |   11851 |   0.0 |       0 |      38 |   0.0 |  1116
       Swamp:3 |       0 |   10402 |   0.0 |       0 |      30 |   0.0 |  1014
       Swamp:4 |       0 |   19885 |   0.0 |       0 |      61 |   0.0 |  1028
       Snake:1 |       0 |   11360 |   0.0 |       0 |      31 |   0.0 |  1128
         Orc:1 |       0 |    2002 |   0.0 |       0 |      20 |   0.0 |   333
         Orc:2 |       0 |    2003 |   0.0 |       0 |      19 |   0.0 |   166
       Abyss:1 |    1954 |    6692 |  22.6 |       4 |       5 |  44.4 |   187
               +---------+---------+-------+---------+---------+-------+---------
